 Dungeon Sprint DCSS version 0.30.1-11-g7821555f0a (webtiles) character file.

Game seed: 10935917553981743576

198 Heoruswealwe the Spear-Bearer (level 5, -2/53 HPs)
             Began as a Minotaur Fighter on Jan 4, 2024.
             Was an Initiate of Gozag.
             Slain by a wyvern (9 damage)
             ... in the Dungeon (Sprint IX: "|||||||||||||||||||||||||||||").
             The game lasted 00:01:15 (116 turns).

Heoruswealwe the Spear-Bearer (Minotaur Fighter)     Turns: 116, Time: 00:01:16

Health: -2/53      AC:  8    Str: 22    XL:     5   Next: 47%
Magic:  4/4        EV:  9    Int:  5    God:    Gozag
Gold:   0          SH:  4    Dex: 10    Spells: 4/4 levels left

rFire   . . .        a - +0 trident
rCold   . . .        d - +0 buckler
rNeg    . . .        c - +0 scale mail
rPois   .            (helmet restricted)
rElec   .            (no cloak)
rCorr   .            (no gloves)
SInv    .            (no boots)
Will    .....        (no amulet) Stlth
                     (no ring)
HPRegen 0.28/turn    (no ring)
MPRegen 0.09/turn

%: no teleportation
@: gold aura
A: horns 2, retaliatory headbutt
a: Renounce Religion, Potion Petition, Call Merchant, Bribe Branch


You were in the Dungeon.
You worshipped Gozag.
Gozag was noncommittal.
You visited 1 branch

Inventory:

Hand Weapons
 a - a +0 trident (weapon)
Armour
 c - a +0 scale mail (worn)
 d - a +0 buckler (worn)
Jewellery
 k - a +3 ring of dexterity
 l - a +2 ring of protection
Wands
 h - a wand of roots (10)
Scrolls
 j - 2 scrolls of blinking
Potions
 b - a potion of might
 e - 2 potions of heal wounds
 f - 4 potions of curing
 g - a potion of haste
 i - a potion of berserk rage


   Skills:
 + Level 7.7 Fighting
 * Level 10.0 Polearms
 + Level 7.7 Armour
 - Level 3.6 Shields


You had 4 spell levels left.
You didn't know any spells.
Your spell library was empty.

Dungeon Overview and Level Annotations

Branches:
Dungeon (1/1)

Altars:
Cheibriados
Dithmenos
Elyvilon
Fedhas
Gozag
Hepliaklqana
Kikubaaqudgha
Makhleb
Nemelex Xobeh
Okawaru
Qazlal
Ru
Sif Muna
Trog
Uskayaw
Vehumet
Wu Jian
Xom
Yredelemnul
Zin
The Shining One
Jiyva
Lugonu


Innate Abilities, Weirdness & Mutations

You have a pair of horns on your head.
You reflexively headbutt those who attack you in melee.


Message History

h - a wand of roots (10)
Items here: )))))).
Okay, then.
You see here a +0 barding.
You see here a +0 helmet.
You see here a +0 plate armour.
k - a +3 ring of dexterity
l - a +2 ring of protection You open the door.
A wight, a wyvern, an orc warrior, a howler monkey and 2 kobold brigands come into view.
The wight is wielding a +4 morningstar of freezing.
A kobold brigand is wielding a +0 short sword and quivering poisoned darts.
A kobold brigand is wielding a +0 short sword and quivering poisoned darts.
The wyvern hisses angrily.
The orc warrior shouts!
The howler monkey howls!
The kobold brigand shouts! x2
The howler monkey hoots and howls with incredible vigour!
You hear an angry hiss.
You hear a roar!
You closely miss the wight. You block the wight's attack.
You closely miss the wight.
The howler monkey hoots and howls with incredible vigour!
You block the wight's attack.
You hear an angry hiss.
You hear two shouts!
You hit the wight but do no damage. You puncture the wight!
The wight is severely damaged.
You block the wight's attack.
You hit the wight.
You destroy the wight!
Your Polearms skill increases to level 10!
You hit the wyvern.
The wyvern is moderately wounded.
The wyvern bites you! x2
You puncture the wyvern!
The wyvern is heavily wounded.
The howler monkey hoots and howls with incredible vigour!
The wyvern bites you!
* * * LOW HITPOINT WARNING * * *
You hit the wyvern. Your headbutt misses the wyvern.
The wyvern is severely wounded.
The wyvern bites you!
You die...
Your body crumbles into a pile of gold.

▓!▓
$
▓?▓
$
▓)▓
$
▓.▓
$
▓[▓
▓[▓
$
▓[▓
▓.▓
$
▓@▓
$
▓l▓
$
▓o▓
▓h▓
$
▓K▓
$
▓K▓
$ $
▓.▓
$
▓.▓
$


You could see an orc warrior, a wyvern, 2 kobold brigands and a howler monkey
(catching breath).

Vanquished Creatures
  A phantom (D)
  A scorpion (D)
  A wight (D)
  An adder (D)
  An orc (D)
  2 endoplasms (D)
  A hobgoblin (D)
  A jackal (D)
  A bat (D)
  A rat (D)
11 creatures vanquished.

Notes
Turn   | Place    | Note
-------+----------+-------------------------------------------
     0 | D        | Heoruswealwe the Minotaur Fighter began the quest for the
                  | Orb.
     0 | D        | Reached XP level 1. HP: 19/19 MP: 0/0
     8 | D        | Reached skill level 3 in Polearms
    29 | D        | Noticed a scorpion
    29 | D        | Noticed a phantom
    31 | D        | Reached skill level 4 in Polearms
    41 | D        | Killed a scorpion
    42 | D        | Reached skill level 5 in Fighting
    42 | D        | Reached skill level 6 in Polearms
    42 | D        | Reached skill level 5 in Armour
    42 | D        | Reached XP level 2. HP: 6/30 MP: 1/1
    42 | D        | Reached XP level 3. HP: 7/37 MP: 2/2
    46 | D        | Reached skill level 7 in Polearms
    46 | D        | Reached XP level 4. HP: 22/44 MP: 3/3
    59 | D        | Killed a phantom
    60 | D        | Reached skill level 9 in Polearms
    60 | D        | Reached XP level 5. HP: 16/52 MP: 4/4
    65 | D        | Found a snail-covered altar of Cheibriados.
    65 | D        | Found a shadowy altar of Dithmenos.
    65 | D        | Found a white marble altar of Elyvilon.
    65 | D        | Found a blossoming altar of Fedhas.
    65 | D        | Found an opulent altar of Gozag.
    66 | D        | Found a hazy altar of Hepliaklqana.
    67 | D        | Found a viscous altar of Jiyva.
    68 | D        | Found an ancient bone altar of Kikubaaqudgha.
    69 | D        | Found a corrupted altar of Lugonu.
    70 | D        | Found a burning altar of Makhleb.
    71 | D        | Found a sparkling altar of Nemelex Xobeh.
    72 | D        | Found an iron altar of Okawaru.
    73 | D        | Became a worshipper of Gozag Ym Sagoz the Greedy
    74 | D        | Found a stormy altar of Qazlal.
    75 | D        | Found a sacrificial altar of Ru.
    76 | D        | Found a shimmering blue altar of Sif Muna.
    77 | D        | Found a bloodstained altar of Trog.
    78 | D        | Found a hide-covered altar of Uskayaw.
    79 | D        | Found a radiant altar of Vehumet.
    80 | D        | Found an ornate altar of the Wu Jian Council.
    81 | D        | Found a shimmering altar of Xom.
    82 | D        | Found a basalt altar of Yredelemnul.
    83 | D        | Found a glowing silver altar of Zin.
    84 | D        | Found a glowing golden altar of the Shining One.
   108 | D        | Noticed a wyvern
   108 | D        | Noticed an orc warrior
   114 | D        | Reached skill level 10 in Polearms
   116 | D        | Slain by a wyvern

Illustrated notes

Levels and vault maps discovered:
D:        linesprint [early_d, line_temple, items_1, d_10, items_2, lair_1,
          lair_end, items_3, orc_1, orc_end, items_4, d_15, swamp_1, shoals_1,
          snake_1, spider_1, d_20, vaults_1, items_5, swamp_end, shoals_end,
          snake_end, spider_end, vaults_end, d_27, items_6, zot_1, zot_end,
          crypt_end, forest_end, elf_end, slime_end, tomb_end, abyss_end,
          pan_hell_end]

Skill      XL: |  1  2  3  4  5 |
---------------+----------------+-----
Polearms       | 6 7 9 10 | 10.0
Fighting       | 5 6 7 |  7.7
Armour         | 5 6 7 |  7.7
Shields        | |  3.6

Action                     |  1- 3 |  4- 6 || total
---------------------------+-------+-------++-------
  Melee: Trident           |    23 |    21 ||    44
         Headbutt          |     6 |     2 ||     8
    Use: Potion            |     2 |       ||     2
 Armour: Scale mail        |     5 |     6 ||    11
  Dodge: Dodged            |     6 |     2 ||     8
  Block: Buckler           |     7 |     3 ||    10
